 Dungeon Crawl Stone Soup version 0.16.1-11-g651b585 (webtiles) character file.

429 jacksonaction the Changer (level 6, 0/38 HPs)
             Began as an Octopode Transmuter on Apr 2, 2015.
             Slain by a centaur (8 damage)
             ... on level 5 of the Dungeon.
             The game lasted 00:30:22 (5312 turns).

jacksonaction the Changer (Octopode Transmuter)     Turns: 5312, Time: 00:30:22

Health: 0/38       AC:  1    Str:  9    XL:     6   Next: 98%
Magic:  10/10      EV: 12    Int: 15    God:
Gold:   229        SH:  0    Dex: 15    Spells: 3 memorised, 0 levels left

rFire  . . .     SeeInvis .       - Unarmed
rCold  . . .     Clarity  .     (no shield)
rNeg   . . .     SustAb   .     (helmet restricted)
rPois  .         Gourm    .     (no amulet)
rElec  .         Spirit   .     (no ring)
rCorr  .         Warding  .     (no ring)
rMut   .         Stasis   .     (no ring)
MR     .....                    (no ring)
Stlth  +++.......               (no ring)
                                (no ring)
                                (no ring)
                                (no ring)

@: not resistant to hostile enchantments, fairly stealthy
A: almost no armour, amphibious, 8 rings, constrict 8, camouflage 1, gelatinous
body 1
a: no special abilities


You were on level 5 of the Dungeon.
You were not hungry.

You visited 1 branch of the dungeon, and saw 5 of its levels.

You collected 229 gold pieces.

Inventory:

Missiles
 b - 28 arrows
 i - 15 poisoned needles
 k - 36 stones (quivered)
 y - 7 tomahawks
Jewellery
 A - an uncursed ring of flight {unknown}
 C - a +4 ring of evasion {unknown}
Scrolls
 c - a scroll of recharging {unknown}
 e - a scroll of magic mapping {unknown}
 j - 2 scrolls of fear {unknown}
 l - a scroll of immolation {unknown}
 o - 2 scrolls of fog {unknown}
 q - 4 scrolls of identify {unknown}
 s - a scroll of amnesia {unknown}
 t - a scroll of random uselessness {unknown}
 w - 2 scrolls of noise {unknown}
 B - a scroll of teleportation {unknown}
Potions
 g - a potion of might {unknown}
 h - a potion of mutation {unknown}
 n - a potion of haste {unknown}
 r - a potion of cure mutation {unknown}
 v - a potion of flight {unknown}
 x - a potion of resistance {unknown}
 z - a potion of heal wounds {unknown}
Books
 d - a book of Changes

   Spells                             Type                      Level
   a - Beastly Appendage              Transmutation                1
   b - Sticks to Snakes               Transmutation                2
   c - Spider Form                    Transmutation/Poison         3
   d - Ice Form                       Ice/Transmutation            4
   e - Blade Hands                    Transmutation                5
 u - a book of Debilitation

   Spells                             Type                      Level
   a - Corona                         Hexes                        1
   b - Slow                           Hexes                        2
   c - Inner Flame                    Hexes/Fire                   3
   d - Enslavement                    Hexes                        4
   e - Cause Fear                     Hexes                        4
   f - Leda's Liquefaction            Hexes/Earth                  4
Comestibles
 a - 4 bread rations
 f - 2 meat rations
 m - a beef jerky
 p - 6 fruits


   Skills:
 - Level 1.3 Fighting
 - Level 2.0 Dodging
 - Level 0.4 Stealth
 - Level 4.0 Unarmed Combat
 - Level 2.0 Spellcasting
 + Level 6.4 Transmutations
 - Level 1.0 Poison Magic


You couldn't memorise any spells.
You knew the following spells:

 Your Spells              Type           Power        Failure   Level  Hunger
a - Beastly Appendage     Trmt           ###...       1%          1    #......
b - Spider Form           Trmt/Pois      ##........   17%         3    ###....
c - Blade Hands           Trmt           ###.......   54%         5    ######.


Dungeon Overview and Level Annotations

Branches:
Dungeon (5/15)
 Temple: D:4-7

Altars:
Cheibriados
Dithmenos
Trog
Zin
The Shining One

Annotations:
D:3 Zell789's ghost, average HESk
D:4 Artificial's ghost, average OpFi


Innate Abilities, Weirdness & Mutations

You cannot wear most types of armour.
You are amphibious.
You can wear up to eight rings at the same time.
You can use your tentacles to constrict many enemies at once.
Your skin changes colour to match your surroundings (Stealth).
Your rubbery body absorbs attacks (AC +1).


Message History

You are no longer poisoned.
Things that are here:
a whip; a kobold corpse
Found a bubbling golden potion.
Your transformation has ended.
The phantom blinks!
The phantom blinks!
The phantom hits you but does no damage.
The phantom blinks!
A centaur comes into view.
The centaur shouts!
The centaur wields a shortbow.
The centaur shoots an arrow.
The arrow closely misses you.
You see here an arrow.
The phantom blinks!
The centaur shoots an arrow.
The arrow hits you.
* * * LOW HITPOINT WARNING * * *
You see here an arrow.
The centaur unwields an uncursed shortbow.
The centaur hits you!
You die...

#.# #.##.#.##.##..# #.# #
#.######.##.#.##.##..# #. #
#..........#..##.....####.###
#.#####.###.#.#..............
#.# #.##....#.###..####....
#.# #.........###..# ####.
####.# #.##...........# #.
.....#####W###c########.###
##. #....W..##..@.......>...#
#.. ####.######(#######.#
#..##.. ########†# #(#
#..)... ...§.....# #.#
###..##.. ########## #.#
......##.. #.# #####..... #.#
####.. #### ###§## #.. ...#
###....### #..


You could see a centaur.

Vanquished Creatures
  Duvessa (D:4)
  A scorpion (D:5)
  Dowan (D:4)
  An orc priest (D:3)
  A hound (D:5)
  Terence (D:3)
  3 gnolls (D:3)
  6 adders
  A giant mite (D:5)
  A worm (D:4)
  An adder skeleton (D:4)
  4 giant geckos
  2 oozes
  7 orcs
  A ball python (D:5)
  11 goblins
  5 hobgoblins
  8 jackals (D:2)
  4 kobolds
  2 quokkas
  17 bats
  6 giant cockroaches
  A giant gecko skeleton (D:4)
  3 giant newts
  A jackal skeleton (D:5)
  A quokka skeleton (D:4)
  10 rats
101 creatures vanquished.

Notes
Turn   | Place    | Note
--------------------------------------------------------------
     0 | D:1      | jacksonaction, the Octopode Transmuter, began the quest for the Orb.
     0 | D:1      | Reached XP level 1. HP: 13/13 MP: 3/3
   490 | D:1      | Reached XP level 2. HP: 11/18 MP: 2/4
  1111 | D:1      | Reached XP level 3. HP: 21/23 MP: 6/6
  1303 | D:1      | Learned a level 3 spell: Spider Form
  1639 | D:2      | Found a shadowy altar of Dithmenos.
  1978 | D:2      | Reached XP level 4. HP: 23/28 MP: 7/7
  2716 | D:3      | Noticed Zell789's ghost (average HESk)
  2722 | D:3      | Reached skill level 4 in Transmutations
  2890 | D:3      | Reached XP level 5. HP: 22/33 MP: 9/9
  3069 | D:3      | Reached skill level 1 in Poison Magic
  3333 | D:3      | Found a bloodstained altar of Trog.
  3333 | D:3      | Found a glowing silver altar of Zin.
  3368 | D:3      | Noticed Terence
  3378 | D:3      | Killed Terence
  3567 | D:4      | Noticed Artificial's ghost (average OpFi)
  3609 | D:5      | Entered Level 5 of the Dungeon
  3736 | D:5      | Found a glowing golden altar of the Shining One.
  3888 | D:4      | Noticed Duvessa
  3899 | D:4      | Noticed Dowan
  3908 | D:4      | Killed Duvessa
  3908 | D:4      | Reached skill level 5 in Transmutations
  3908 | D:4      | Reached XP level 6. HP: 34/38 MP: 4/10
  3919 | D:4      | Killed Dowan
  4608 | D:5      | Noticed a phantom
  4634 | D:5      | Found a snail-covered altar of Cheibriados.
  4831 | D:4      | Reached skill level 6 in Transmutations
  4847 | D:4      | Learned a level 5 spell: Blade Hands
  5310 | D:5      | Noticed a centaur
  5312 | D:5      | Slain by a centaur

Action                   |  1- 3 |  4- 6 || total
-------------------------+-------+-------++-------
Melee: Unarmed           |    96 |   184 ||   280
Throw: Stone             |     3 |     2 ||     5
 Cast: Beastly Appendage |    12 |     4 ||    16
       Spider Form       |       |    18 ||    18
 Stab: Sleeping          |     5 |     4 ||     9
       Distracted        |       |     1 ||     1
  Eat: Chunk             |     4 |    10 ||    14
       Beef jerky        |       |     2 ||     2
